 Dungeon Crawl Stone Soup version 0.27.1-3-gb3d3a73c9e (webtiles) character file.

Game seed: 13004597498225515937

144 Descartes the Covert (level 5, 0/27 HPs)
             Began as a Spriggan Delver on Oct 17, 2021.
             Succumbed to an adder's poison
             ... on level 4 of the Dungeon.
             The game lasted 00:01:55 (227 turns).

Descartes the Covert (Spriggan Delver)               Turns: 227, Time: 00:01:55

Health: 0/27       AC:  2    Str:  9    XL:     5   Next: 5%
Magic:  6/6        EV: 17    Int: 12    God:
Gold:   8          SH:  0    Dex: 16    Spells: 4/4 levels left

rFire    . . .     SeeInvis +   a - +0 short sword
rCold    . . .     Faith    .   (shield restricted)
rNeg     . . .     Spirit   .   b - +0 robe
rPois    .         Reflect  .   (helmet restricted)
rElec    .         Harm     .   (no cloak)
rCorr    .         Rampage  .   (gloves unavailable)
Will     .....                  (boots unavailable)
Stlth    +++++.....             (no amulet)
HPRegen  0.09/turn              (no ring)
MPRegen  0.10/turn              (no ring)

@: lethally poisoned (0 -> -3), very quick
A: very small, no large weapons, unfitting armour, see invisible, speed 3
a: no special abilities


You were on level 4 of the Dungeon.
You visited 1 branch of the dungeon, and saw 3 of its levels.

You collected 8 gold pieces.

Inventory:

Hand Weapons
 a - a +0 short sword (weapon)
Armour
 b - a +0 robe (worn)
Jewellery
 h - an amulet of faith
Wands
 g - a wand of digging (3)
Scrolls
 c - a scroll of fog
 d - a scroll of magic mapping
 e - a scroll of fear
 i - a scroll of identify {unknown}
Potions
 f - a potion of haste


   Skills:
 - Level 2.4 Fighting
 - Level 2.1 Short Blades
 + Level 2.6 Dodging
 + Level 10.5 Stealth


You had 4 spell levels left.
You didn't know any spells.
Your spell library was empty.

Dungeon Overview and Level Annotations

Branches:
Dungeon (6/15)
 Temple: D:4-7

Altars:
Ru


Innate Abilities, Weirdness & Mutations

You are very small and have problems with some larger weapons.
You are too small for most types of armour.
You have supernaturally acute eyesight. (SInv)
You cover ground extremely quickly. (Speed+++)


Message History

You feel sick.
You feel sick.
You see here a cyan potion.
j - a cyan potion You feel sick.
The adder misses you.
It was a potion of curing.
You feel better. The adder barely misses you.
You hit the adder.
The adder is lightly wounded.
The adder barely misses you. The adder closely misses you.
You closely miss the adder.
The adder is lightly wounded.
The adder closely misses you.
You hit the adder.
The adder is lightly wounded.
The adder closely misses you.
You closely miss the adder.
The adder is lightly wounded.
The adder misses you.
You hit the adder.
The adder is heavily wounded.
The adder bites you.
You are poisoned.
The adder poisons you! The adder barely misses you.
You barely miss the adder.
The adder is heavily wounded.
You feel sick. The adder bites you.
You closely miss the adder.
The adder is heavily wounded.
You feel sick. The adder bites you.
* * * LOW HITPOINT WARNING * * *
You hit the adder.
The adder is severely wounded.
You feel sick. The adder closely misses you. x2
You hit the adder.
The adder is almost dead.
You feel sick. The adder bites you.
* * * LOW HITPOINT WARNING * * *
You hit the adder.
You kill the adder!
You die...

...........##
##...##.#####.#.... #
#...................
#.#.#...##.####..#.###
#.#.#...##.# #..#.#
###...#...##.####..#.#
...................#.#
#......#.#.#####.#.#
#....@.#...#####.#.#
#.............##.#.#
#.....###..##.##.#
#[....##..>.# ...#
#.....##.#.... .##
#.....##.##.#.# ..
.<........ .#... .
###....#### .# ###
#...!# .#


There were no monsters in sight!

Vanquished Creatures
  A black bear (D:4)
  A scorpion (D:6)
  An adder (D:4)
3 creatures vanquished.

Notes
Turn   | Place    | Note
-------+----------+-------------------------------------------
     0 | D:5      | Descartes the Spriggan Delver began the quest for the Orb.
     0 | D:5      | Reached XP level 1. HP: 11/11 MP: 2/2
     2 | D:5      | Found a sacrificial altar of Ru.
    34 | D:6      | Noticed a scorpion
    41 | D:6      | Killed a scorpion
    42 | D:6      | Reached skill level 9 in Stealth
    42 | D:6      | Reached XP level 2. HP: 16/16 MP: 3/3
    42 | D:6      | Reached XP level 3. HP: 19/19 MP: 4/4
    43 | D:6      | Noticed an ogre
    47 | D:6      | Noticed an ice beast
    64 | D:6      | Noticed a scorpion
    75 | D:6      | Identified the +1 chain mail of the Equinox {rF+ Int+2}
   175 | D:4      | Noticed a black bear
   182 | D:4      | Killed a black bear
   183 | D:4      | Reached skill level 10 in Stealth
   183 | D:4      | Reached XP level 4. HP: 23/23 MP: 5/5
   183 | D:4      | Reached XP level 5. HP: 27/27 MP: 6/6
   226 | D:4      | HP: 1/27 [adder (4)]
   227 | D:4      | Succumbed to an adder's poison

Illustrated notes

Levels and vault maps discovered:
D:4:      layout_basic, gup_sewer_entry_glass, minmay_goblin_outpost
D:5:      layout_loops_ring, grunt_temple_overflow_open,
          grunt_dithmenos_shadows, nicolae_overflow_hidden_temple,
          minmay_temple_entry_trees, kennysheep_generic_room_10
D:6:      minmay_bubble_buster, layout_loops_cross, minmay_misc_feat_cross

Skill      XL: |  1  2  3 |
---------------+----------+-----
Stealth        | 9 10 | 10.5
Fighting       | |  2.4
Short Blades   | |  2.1
Dodging        | |  2.6

Action                   |  1- 3 |  4- 6 || total
-------------------------+-------+-------++-------
Melee: Short sword       |     5 |    15 ||    20
  Use: Potion            |       |     1 ||     1
 Stab: Sleeping          |     2 |       ||     2
Dodge: Dodged            |     2 |    13 ||    15
